General information
	        
			
        
        - name: BNet
 
        - type: Ladder 1vs1/FFA
 
        - host: Battle.net
 
        - saver: TIMG4STRok
 
        
map: SecretValley 
        - players: 2
 
        - length: 23:46
 
        - speed: Fast
 - version: 1.22 W3XP
 - replay type:  

 
» download(114 KB)
Players
        team 1 (loser) 
              
              
sld)Kota- (
orange | 179 APM | 4256 actions | 23:45)
              
 5 Far Seer 
 3 Feral Spirit
 2 Chain Lighting
 3 Shadow Hunter 
 1 Hex
 2 Healing Wave
 
                » actions 
                
                | Assign group hotkey | 79 |  | 
| Basic commands | 656 |  | 
| Build / train | 100 |  | 
| ESC pressed | 1 |  | 
| Enter build submenu | 14 |  | 
| Enter hero's abilities submenu | 8 |  | 
| Give item / drop item | 8 |  | 
| Remove unit from queue | 2 |  | 
| Right click | 1222 |  | 
| Select / deselect | 760 |  | 
| Select group hotkey | 1156 |  | 
| Use ability | 250 |  | 
                4256 total
 » units 
                » upgrades
                
                | Berserker Strength | 1 |  | 
| Ensnare | 1 |  | 
                2 total
 » buildings
                
                | Altar of Storms | 1 |  | 
| Orc Burrow | 5 |  | 
| Barracks | 1 |  | 
| Stronghold | 2 |  | 
| Voodoo Lounge | 1 |  | 
| Beastiary | 3 |  | 
| Great Hall | 1 |  | 
                14 total
 » build order
                00:06 Altar of Storms
00:20 Orc Burrow
00:34 Barracks
01:31 Orc Burrow
02:43 Stronghold
03:21 Voodoo Lounge
03:38 Orc Burrow
05:33 Beastiary
06:01 Beastiary
07:08 Beastiary
07:26 Orc Burrow
09:49 Orc Burrow
20:27 Great Hall
» items
                
                | Healing Salve | 8 |  | 
| Lesser Clarity Potion | 8 |  | 
| Scroll of Speed | 6 |  | 
| Potion of Healing | 6 |  | 
| Scroll of Town Portal | 3 |  | 
| Potion of Lesser Invulnerability | 3 |  | 
| Potion of Invisibility | 2 |  | 
| Scroll of Healing | 1 |  | 
| Dust of Appearance | 1 |  | 
| Scroll of Protection | 1 |  | 
                39 total
  
               team 2 (winner) 
              
              
» 
TIMG4STRok (
purple | 193 APM | 4597 actions | 23:46)
              
 5 Blademaster 
 3 Wind Walk
 2 Critical Strike
 5 Shadow Hunter 
 2 Hex
 3 Healing Wave
 
                » actions 
                
                | Assign group hotkey | 37 |  | 
| Basic commands | 73 |  | 
| Build / train | 62 |  | 
| ESC pressed | 3 |  | 
| Enter build submenu | 16 |  | 
| Enter hero's abilities submenu | 10 |  | 
| Give item / drop item | 2 |  | 
| Right click | 2047 |  | 
| Select / deselect | 439 |  | 
| Select group hotkey | 1746 |  | 
| Use ability | 162 |  | 
                4597 total
 » units 
                
                | Peon | 7 |  | 
| Grunt | 12 |  | 
| Raider | 9 |  | 
| Spirit Walker | 3 |  | 
                31 total
 » upgrades
                
                | Berserker Strength | 1 |  | 
| Ensnare | 1 |  | 
| Pillage | 1 |  | 
| Spirit Walker Training | 1 |  | 
                4 total
 » buildings
                
                | Altar of Storms | 1 |  | 
| Orc Burrow | 5 |  | 
| Barracks | 1 |  | 
| Stronghold | 1 |  | 
| Voodoo Lounge | 2 |  | 
| Beastiary | 3 |  | 
| Fortress | 1 |  | 
| War Mill | 1 |  | 
| Spirit Lodge | 1 |  | 
                16 total
 » build order
                00:02 Altar of Storms
00:13 Orc Burrow
00:39 Barracks
01:23 Orc Burrow
02:36 Stronghold
03:04 Voodoo Lounge
03:53 Orc Burrow
05:10 Beastiary
05:35 Orc Burrow
06:58 Beastiary
08:58 Beastiary
11:41 Voodoo Lounge
12:00 Fortress
12:04 War Mill
13:08 Orc Burrow
14:49 Spirit Lodge
» items
                
                | Lesser Clarity Potion | 5 |  | 
| Healing Salve | 3 |  | 
| Scroll of Town Portal | 3 |  | 
| Orb of Lightning | 1 |  | 
| Potion of Healing | 1 |  | 
                13 total
  
                Chat log
          (00:08 / All) TIMG4STRok: gg l
(00:09 / All) TIMG4STRok: gg gl